 Dungeon Crawl Stone Soup version 0.31-a0-1206-g41278d8d1d (webtiles) character file.

Game seed: 10742988389469955800

152 Firecrotchwizard the Chopper (level 5, -2/47 HPs)
             Began as a Hill Orc Monk on Dec 14, 2023.
             Slain by an iguana (10 damage)
             ... on level 4 of the Dungeon.
             The game lasted 00:05:23 (2225 turns).

Firecrotchwizard the Chopper (Hill Orc Monk)        Turns: 2225, Time: 00:05:23

Health: -2/47      AC:  3    Str: 16    XL:     5   Next: 34%
Magic:  14/14      EV: 12    Int: 10    God:
Gold:   122        SH:  0    Dex: 13    Spells: 4/4 levels left

rFire   . . .        n - +0 whip (elec)
rCold   . . .        d - orb {light}
rNeg    . . .        g - +0 leather armour
rPois   .            (no helmet)
rElec   .            (no cloak)
rCorr   +            (no gloves)
SInv    .            (no boots)
Will    .....        (no amulet)
Stlth   +            k - ring of resist corrosion
HPRegen 0.27/turn    q - ring of magical power
MPRegen 0.14/turn

%: no passive effects
@: confused, ambrosia-drunk, glowing
A: no striking features
a: no special abilities


You were on level 4 of the Dungeon.
You visited 1 branch of the dungeon, and saw 4 of its levels.

You collected 122 gold pieces.

Inventory:

Hand Weapons
 a - a +0 hand axe
 n - a +0 whip of electrocution (weapon)
 s - a +0 dagger of draining
Missiles
 i - a throwing net {@!f}
Armour
 b - a +0 robe
 d - an orb of light (worn)
 g - a +0 leather armour (worn)
 x - a +0 chain mail
Magical Staves
 m - a staff of earth
Jewellery
 k - a ring of resist corrosion (left hand)
 q - a ring of magical power (right hand)
Scrolls
 h - a scroll of summoning {unknown}
 l - a scroll of brand weapon {unknown}
 o - a scroll of amnesia {unknown}
 r - a scroll of enchant weapon {unknown}
 t - a scroll of fog {unknown}
 u - a scroll of noise {unknown}
 v - a scroll of fear {unknown}
Potions
 e - a potion of lignification {unknown}
 f - 2 potions of curing {unknown}
 j - 3 potions of heal wounds {unknown}
 p - a potion of degeneration {unknown}
 w - a potion of berserk rage {unknown}


   Skills:
 + Level 4.8 Fighting
 * Level 6.4 Axes
 - Level 2.9 Dodging


You had 4 spell levels left.
You didn't know any spells.
Your spell library was empty.

Dungeon Overview and Level Annotations

Branches:
Dungeon (4/15)
 Temple: D:4-7

Altars:
Dithmenos
Ru
Vehumet
Yredelemnul


Message History

You barely miss the orc. The orc hits you but does no damage.
You hit the orc but do no damage. The orc hits you with a +0 mace.
You hit the orc. Lightning courses through the orc!!
You kill the orc!
No target in view!
Things that are here:
a +0 mace; a +0 chain mail You hear the brisk rusting of a very distant drain.
A ball python comes into view.
The ball python hisses angrily.
Search for what [Enter for "arm", or ? for help]?
Okay, then.
The ball python closely misses you. The ball python grabs you.
The ball python constricts you. The ball python closely misses you.
The ball python constricts you.
You hit the ball python.
You kill the ball python!
No target in view!
No target in view!
Search for what [Enter for "arm", or ? for help]? arm You hear the brisk rusting of a very distant drain.
An orc comes into view. It is wielding a +0 club.
The orc moves out of view.
What level of the Dungeon? (default 4, ? - help) You're already here!
No target in view!
The orc hits you with a +0 club.
You hit the orc but do no damage. You barely miss the orc.
The orc hits you with a +0 club.
You hit the orc but do no damage. Lightning courses through the orc!
You kill the orc!
No target in view!
What are your orders? t - Shout!
Orders for allies: a - Attack new target. r - Retreat! s - Stop attacking. g - Guard the area. f - Follow me.
Anything else - Cancel.
You shout for attention!
You start resting.
HP restored.
Things that are here:
a +0 mace; a +0 chain mail
x - a +0 chain mail You hear the quick rusting of a very distant drain.
An orc comes into view. It is wielding a +0 short sword.
The orc shouts!
You hear a shout!
An orc comes into view. It is wielding a +0 short sword.
An orc comes into view. It is wielding a +0 hand axe.
The orc shouts!
You hear an angry hiss.
An endoplasm comes into view.
Found a stone staircase leading up.
The orc hits you but does no damage.
You hit the orc.
The orc is heavily wounded.
The orc hits you but does no damage.
You barely miss the orc.
The orc is heavily wounded.
The orc hits you with a +0 short sword. The orc barely misses you.
You barely miss the orc.
The orc is heavily wounded.
The orc barely misses you. The orc hits you with a +0 short sword.
You hit the orc.
You kill the orc!
The orc hits you with a +0 short sword. The orc hits you with a +0 hand axe!
An iguana comes into view.
The iguana hisses angrily.
The orc attacks as it pursues you! The orc hits you with a +0 short sword.
You barely miss the orc. The orc barely misses you.
The orc hits you but does no damage. The orc attacks as it pursues you!
The orc hits you but does no damage.
You hit the iguana but do no damage. The iguana completely misses you.
The orc misses you.
You barely miss the iguana.
You hear the quick rusting of a distant drain.
The iguana closely misses you. The orc closely misses you.
You hit the iguana but do no damage. The iguana bites you!
The orc hits you with a +0 short sword.
You hit the iguana.
The iguana is lightly wounded.
The iguana bites you!
* * * LOW HITPOINT WARNING * * *
The orc hits you with a +0 short sword.
* * * LOW HITPOINT WARNING * * *
The orc hits you with a +0 hand axe.
* * * LOW HITPOINT WARNING * * *
You hit the iguana.
The iguana is moderately wounded.
The iguana closely misses you. The orc closely misses you.
The orc hits you with a +0 hand axe.
* * * LOW HITPOINT WARNING * * *
You hit the iguana.
The iguana is heavily wounded.
The iguana bites you.
* * * LOW HITPOINT WARNING * * *
The orc hits you with a +0 short sword.
* * * LOW HITPOINT WARNING * * *
The orc barely misses you.
You are confused.
You feel invigorated. The iguana bites you!
You die...

#.....................#..##.##
.....................#####...#
...###...............#####.###
.#####...............#......#
.####..##................#..†.#
..#....##................#.....#
##...#.###.........#....####...#
#....#.......###oo.###### ....#
........#..#.##.@#..# ...##
.##..#.##..#...l.#J).....< ...#
.....#.##..#.....##....... .###
.†)..#.##..##..... ...#...
##.....##.###..... ...# ..
##.##..#..# #.......... .
#...##..... ............ ...##
.... ..##.......... .##........


You could see an iguana and 2 orcs.

Vanquished Creatures
  A hound (D:4)
  Natasha (D:2)
  3 adders
  An adder zombie (D:3)
  A dart slug (D:2)
  3 orcs (D:4)
  2 bats (D:1)
  6 endoplasms
  2 giant cockroaches
  5 goblins
  7 hobgoblins
  4 kobolds
  5 quokkas
  5 ball pythons
  7 frilled lizards
  A giant cockroach zombie (D:3)
  A quokka zombie (D:3)
  6 rats
61 creatures vanquished.

Vanquished Creatures (others)
  An endoplasm (D:3)
1 creature vanquished.

Grand Total: 62 creatures vanquished

Notes
Turn   | Place    | Note
-------+----------+-------------------------------------------
     0 | D:1      | Firecrotchwizard the Hill Orc Monk began the quest for the
                  | Orb.
     0 | D:1      | Reached XP level 1. HP: 19/19 MP: 1/1
    27 | D:1      | Found a faded altar of an unknown god.
   197 | D:1      | Reached XP level 2. HP: 22/27 MP: 2/2
   403 | D:1      | Reached XP level 3. HP: 31/31 MP: 3/3
   453 | D:2      | Reached skill level 5 in Axes
   793 | D:2      | Noticed Natasha
   804 | D:2      | Killed Natasha
   805 | D:2      | Reached XP level 4. HP: 26/40 MP: 4/4
  1303 | D:3      | Found a basalt altar of Yredelemnul.
  1451 | D:3      | Found a radiant altar of Vehumet.
  1656 | D:3      | Found a sacrificial altar of Ru.
  1773 | D:4      | Reached skill level 6 in Axes
  1879 | D:4      | Reached XP level 5. HP: 38/47 MP: 5/5
  2005 | D:4      | Found a shadowy altar of Dithmenos.
  2225 | D:4      | Slain by an iguana

Illustrated notes

Levels and vault maps discovered:
D:1:      evilmike_arrival_rings, layout_basic,
          hellmonk_ecumenical_altar_pennies_from_heaven
D:2:      layout_basic, uniq_natasha
D:3:      layout_loops_cross, hangedman_ru_absence,
          nicolae_yredelemnul_corpse_copse, fiery_altar_vehumet, glass_columns_a
D:4:      layout_cave_pools, grunt_temple_overflow_growth_and_decay,
          nicolae_dithmenos_the_darkroom, gup_sewer_entry_pipe,
          kennysheep_generic_room_14, uniq_pikel

Skill      XL: |  1  2  3  4 |
---------------+-------------+-----
Fighting       | 4 |  4.8
Axes           | 5 6 |  6.4
Dodging        | |  2.9

Action                     |  1- 3 |  4- 6 || total
---------------------------+-------+-------++-------
  Melee: Hand axe          |    36 |       ||    36
         Dagger            |    41 |    38 ||    79
         Whip              |       |    52 ||    52
    Use: Potion            |       |     1 ||     1
 Armour: Robe              |     5 |       ||     5
         Leather armour    |    29 |    52 ||    81
  Dodge: Dodged            |    54 |    49 ||   103

Table legend: (Time is in decaauts)
 A = Elapsed time spent in this place.
 B = Non-inter-level travel time spent in this place.
 C = Inter-level travel time spent in this place.
 D = Time resting spent in this place.
 E = Time spent auto-exploring this place.
 F = Levels seen in this place.
 G = Mean time per level.
                   A        B        C        D        E       F      G
               +--------+--------+--------+--------+--------+-----+--------+
         Total |   2224 |   2140 |     84 |    104 |   1649 |   4 |  556.0 |
       Dungeon |   2224 |   2140 |     84 |    104 |   1649 |   4 |  556.0 |
               +--------+--------+--------+--------+--------+-----+--------+

Top non-repeatable levels by time:
     D:3: 882 daAuts
     D:4: 461 daAuts
     D:2: 458 daAuts
     D:1: 421 daAuts
